cohdb
Replays
Latest Replays
All Replays
Popular Replays
Top Player Replays
Match Explorer
How It Works
Community
CoH3 Stats
Reddit
Sign in to upload your games and track your stats! →
Sign in with Steam
Match 26328386
Unlisted
Match 26328386
Overview
Messages
Build Orders
End
Panzergrenadier Squad
Panzergrenadier Squad
Panzergrenadier Squad
Panzerpioneer Squad
Panzerpioneer Squad
Construct Light Support Kompanie
2.5-tonne Medical Truck
Construct Mechanized Kompanie
Support Armor Elements
StuG III D Assault Gun
StuG III D Assault Gun
2.5-tonne Medical Truck
StuG III D Assault Gun
Construct Panzerarmee Kommand
Selects Armored Support Battlegroup
Selects Salvage Kits
Selects Panzer Storm
Selects Stuka Dive Bomb
Panzerpioneer Squad
Panzerpioneer Squad
StuG III D Assault Gun
mar14n
Joraad
Snaybot
Stick_Star
Gavin
joey4gw
calinandreiion
nuto
0
0
Comments
sign in to comment!
No comments posted yet!